AoeStats
← Michi3052

Hideout

509764518Analyzed
1v1 RM · 4d ago on Sep 27, 2026· 47m 4s· 2 players
Game mode
Random Map
Map size
Tiny (2 player)
Population
200
Speed
Normal
Resources
Standard
Victory
Conquest
Starting age
Dark Age
Ending age
Imperial Age
RankedLock teamsTeams togetherTeam positionsShared explorationLock speedFull tech treeHidden civsTurbo modeCheats
Victory
Defeat
🇪🇸 Turks · Spain
701
+15
🇨🇴 Burgundians · Colombia
688
-15
Dragonhell0106
4:51 Double-Bit Axe
6:28 Loom
11:20 Feudal Age
11:14 Gold Mining
13:19 Gold Shaft Mining
13:22 Bow Saw
13:16 Horse Collar
14:33 Fletching
16:25 Heavy Plow
22:38 Castle Age
22:10 Stone Mining
25:05 Crossbowman
25:50 Padded Archer Armor
28:04 Wheelbarrow
27:58 Pikeman
33:57 Imperial Age
33:53 Elite Skirmisher
35:44 Chemistry
Michi3052
11:36 Feudal Age
12:17 Double-Bit Axe
12:17 Man-at-Arms
22:35 Castle Age
21:43 Horse Collar
21:57 Gold Mining
23:42 Bow Saw
29:40 Imperial Age
31:16 Gold Shaft Mining
31:21 Wheelbarrow
30:32 Loom
32:06 Fletching
32:18 Padded Archer Armor
32:50 Bodkin Arrow
41:29 Bloodlines
43:14 Hand Cart
Connection lost

Rejoining the realm…

Still unreachable

The connection could not be restored.

Session expired

The server has moved on; the page needs a fresh start.